 Dungeon Crawl Stone Soup version 0.27-a0-1590-g15f69828bf (webtiles) character file.

Game seed: 609661623305971356

21736 duskshroud the Severer (level 12, -2/108 HPs)
             Began as a Minotaur Berserker on July 18, 2021.
             Was an Elder of Trog.
             Slain by a swamp worm (16 damage)
             ... on level 3 of the Lair of Beasts.
             The game lasted 00:32:31 (11548 turns).

duskshroud the Severer (Minotaur Berserker)        Turns: 11548, Time: 00:32:31

Health: -2/108     AC: 17    Str: 27    XL:     12   Next: 56%
Magic:  11/11      EV:  8    Int:  4    God:    Trog [****..]
Gold:   714        SH:  5    Dex: 13    Spells: 11/11 levels left

rFire    + . .     SeeInvis .   f - +8 hand axe of Triumph {venom, rElec Dex+3}
rCold    + . .     Faith    .   (no shield)
rNeg     . . .     Spirit   .   s - +0 plate armour
rPois    .         Reflect  +   (helmet restricted)
rElec    +         Harm     .   H - scarf {rC+ rF+}
rCorr    .         Rampage  .   x - +0 pair of gloves
Will     .....                  D - +0 pair of boots
Stlth    ..........             w - amulet of reflection
HPRegen  0.28/turn              (no ring)
MPRegen  0.12/turn              (no ring)

@: flying
A: horns 2, retaliatory headbutt
a: Renounce Religion, Berserk, Trog's Hand, Brothers in Arms


You were on level 3 of the Lair of Beasts.
You worshipped Trog.
Trog was greatly pleased with you.
You visited 2 branches of the dungeon, and saw 13 of its levels.

You collected 875 gold pieces.
You spent 161 gold pieces at shops.

Inventory:

Hand Weapons
 a - the +9 war axe of Brawling {freeze, rPois Will+ Stlth+}
   (You found it on level 1 of the Lair of Beasts)

   It freezes those it strikes, dealing additional cold damage.
   It can also slow down cold-blooded creatures.
   rPois:     It protects you from poison.
   Will:      It increases your willpower.
   Stlth:     It makes you more stealthy.
 b - a +3 dire flail of freezing
 f - the +8 hand axe of Triumph (weapon) {venom, rElec Dex+3}
   (You found it on level 1 of the Lair of Beasts)

   It poisons the flesh of those it strikes.
   Dex:       It affects your dexterity (+3).
   rElec:     It insulates you from electricity.
 r - a +0 hand crossbow
 v - a +1 vampiric broad axe
 C - a +0 flail
 O - a +3 battleaxe
Missiles
 d - 169 arrows
 p - 45 poisoned darts (quivered)
 K - 64 bolts
 U - 2 curare-tipped darts
Armour
 c - a +0 kite shield
 s - a +0 plate armour (worn)
 x - a +0 pair of gloves (worn)
 D - a +0 pair of boots (worn)
 H - a scarf of resistance (worn)
 Q - a +0 chain mail of cold resistance
Jewellery
 w - an amulet of reflection (around neck)
Wands
 o - a wand of acid (21)
 y - a wand of charming (9)
Scrolls
 i - 4 scrolls of teleportation
 j - a scroll of holy word {unknown}
 k - 4 scrolls of noise {unknown}
 m - 3 scrolls of enchant weapon {unknown}
 n - 4 scrolls of immolation {unknown}
 q - 7 scrolls of magic mapping
 z - a scroll of silence {unknown}
 B - a scroll of identify
 E - a scroll of enchant armour {unknown}
 F - 3 scrolls of amnesia {unknown}
 P - a scroll of vulnerability {unknown}
 V - 2 scrolls of fear {unknown}
Potions
 e - 4 potions of flight
 g - 2 potions of haste
 l - 8 potions of curing
 t - 2 potions of might
 u - 3 potions of brilliance {unknown}
 A - a potion of invisibility {unknown}
 I - 3 potions of magic {unknown}
 L - a potion of berserk rage {unknown}
 R - a potion of cancellation {unknown}
 W - a potion of attraction {unknown}


   Skills:
 - Level 10.6 Fighting
 * Level 19.5 Axes
 - Level 10.0 Armour
 - Level 2.1 Dodging


You had 11 spell levels left.
You didn't know any spells.
Your spell library was empty.

Dungeon Overview and Level Annotations

Branches:
Dungeon (10/15)            Temple (0/1) D:4            Lair (3/6) D:10
  Snake (0/4) Lair:3          Orc (0/2) D:10
  Swamp: Lair:2-4    Shoals: Lair:2-4

Altars:
Cheibriados
Fedhas
Hepliaklqana
Okawaru

Shops:
D:4 (

Annotations:
Lair:3 1 transporter


Innate Abilities, Weirdness & Mutations

You have a pair of horns on your head.
You reflexively headbutt those who attack you in melee.


Message History

The harpoon shot hits you.
* * * LOW HITPOINT WARNING * * *
You are yanked forward by the harpoon shot.
You collide with the briar patch!
* * * LOW HITPOINT WARNING * * *
You become entangled in the net!
The swamp worm fires a harpoon shot at you.
The harpoon shot hits you.
* * * LOW HITPOINT WARNING * * *
You are yanked forward by the harpoon shot.
You feel much better. The swamp worm bites you!
The swamp worm fires a harpoon shot at you.
The harpoon shot misses you. The swamp worm closely misses you.
You hit the swamp worm.
The swamp worm is poisoned.
Your headbutt misses the swamp worm.
The swamp worm is lightly wounded.
You slash the swamp worm!
The swamp worm is poisoned.
You are struck by the briar patch's thorns.
* * * LOW HITPOINT WARNING * * *
You hit the briar patch but do no damage. x2
You are struck by the briar patch's thorns.
* * * LOW HITPOINT WARNING * * *
You hit the briar patch.
The briar patch is poisoned.
The swamp worm fires a harpoon shot at you.
The harpoon shot hits you!
* * * LOW HITPOINT WARNING * * *
You are yanked forward by the harpoon shot.
You collide with the briar patch!
The swamp worm closely misses you. The swamp worm bites you.
* * * LOW HITPOINT WARNING * * *
You feel much better.
The swamp worm fires a harpoon shot at you.
The harpoon shot hits you!
* * * LOW HITPOINT WARNING * * *
You are yanked forward by the harpoon shot.
You collide with the briar patch!
The briar patch is destroyed!
* * * LOW HITPOINT WARNING * * *
The swamp worm barely misses you. The swamp worm bites you!
You die...

...........................# ♣♣..
...........................# ♣..
#......)......©............## ♣♣♣
#...........#####...........## ♣
............#[©"#............##
#...........#[[[#.............###
..........####+####.............#
..........##≈.°P≈w#.............#
#...>.....#†≈.^P@##..............
#.........###°^§§w#..............
#.........#♣≈P^§###..............
..........##≈.^.≈w#..............
..........#w≈P^.≈##........####.#
..........##≈P^.§♣#.......##♣.)..
..........###P©P###.......#....).
............#####.........#≈≈♣♣.♣
..............©...........#..♣...


You could see 4 swamp worms.

Vanquished Creatures
  Gastronok (D:9)
  3 hydras
  A two-headed ogre (D:6)
  3 black mambas
  Joseph (D:9)
  Maggie (D:6)
  9 cane toads
  7 komodo dragons
  3 polar bears (Lair:3)
  A blink frog (Lair:2)
  A hornet (D:9)
  11 yaks
  A basilisk (Lair:2)
  2 spriggans (Lair:3)
  4 wyverns
  Eustachio (D:6)
  A steam dragon (D:9)
  A swamp worm (Lair:3)
  3 nagas (Lair:3)
  10 water moccasins
  An ice beast (D:6)
  3 ogres
  5 orc warriors
  A sky beast (D:5)
  2 black bears (Lair:3)
  2 necrophages
  A centaur (D:10)
  26 wolves
  2 kobold brigands
  8 bullfrogs
  2 scorpions (D:10)
  A wyvern zombie (D:9)
  A gnoll sergeant (D:10)
  4 killer bees (D:7)
  19 wights
  3 howler monkeys (D:9)
  2 bullfrog zombies
  A centaur zombie (D:8)
  2 orc priests (D:8)
  2 centaur skeletons
  4 hounds
  A gnoll shaman (D:10)
  A bullfrog skeleton (D:7)
  Ijyb (D:5)
  An iguana (D:7)
  2 orc wizards
  A killer bee zombie (D:9)
  A howler monkey zombie (D:7)
  14 gnolls
  6 adders
  2 shadow imps
  An ufetubus (D:7)
  3 dart slugs
  27 orcs
  3 bats
  5 endoplasms
  2 giant cockroaches (D:2)
  7 goblins
  5 hobgoblins
  17 jackals
  16 kobolds
  6 quokkas
  6 ball pythons
  6 frilled lizards
  4 rats
  4 briar patches (Lair:3)
299 creatures vanquished.

Vanquished Creatures (others)
  A kobold (D:9)
  3 briar patches (Lair:3)
  11 fungi
  23 plants
38 creatures vanquished.

Grand Total: 337 creatures vanquished

Notes
Turn   | Place    | Note
-------+----------+-------------------------------------------
     0 | D:1      | duskshroud the Minotaur Berserker began the quest for the
                  | Orb.
     0 | D:1      | Reached XP level 1. HP: 19/19 MP: 0/0
    96 | D:1      | Reached skill level 4 in Axes
   259 | D:1      | Reached XP level 2. HP: 27/27 MP: 1/1
   448 | D:1      | Found a faded altar of an unknown god.
   917 | D:2      | Reached ** piety under Trog
   918 | D:2      | Reached XP level 3. HP: 33/33 MP: 2/2
  1238 | D:2      | Reached skill level 5 in Axes
  1583 | D:3      | Noticed a necrophage
  1590 | D:3      | Killed a necrophage
  1591 | D:3      | Reached XP level 4. HP: 41/41 MP: 3/3
  1591 | D:3      | Reached XP level 5. HP: 47/47 MP: 4/4
  1641 | D:3      | Found a snail-covered altar of Cheibriados.
  1695 | D:3      | Reached skill level 6 in Axes
  1730 | D:3      | Reached skill level 5 in Fighting
  2132 | D:4      | Reached XP level 6. HP: 56/56 MP: 5/5
  2209 | D:4      | Reached *** piety under Trog
  2256 | D:4      | Identified the +1 robe "Wosukhag" {rF+ Slay+2 Archmagi}
  2282 | D:4      | Found a staircase to the Ecumenical Temple.
  2376 | D:4      | Found Iryoh's Antique Weapon Emporium.
  2381 | D:4      | Found the +4 skin of Zhor {*Englaciate rC+++ SInv}
  2383 | D:4      | Bought a runed broad axe for 161 gold pieces
  2630 | D:5      | Entered Level 5 of the Dungeon
  2671 | D:5      | Reached skill level 7 in Axes
  2744 | D:5      | Noticed Ijyb
  2745 | D:5      | Killed Ijyb
  2813 | D:5      | Reached XP level 7. HP: 43/62 MP: 6/6
  3178 | D:5      | Reached skill level 8 in Axes
  3314 | D:5      | Reached skill level 5 in Armour
  3368 | D:5      | Found an iron altar of Okawaru.
  3660 | D:6      | You fall into a shaft and drop 2 floors!
  3822 | D:7      | Reached skill level 9 in Axes
  3822 | D:7      | Reached XP level 8. HP: 63/71 MP: 7/7
  4154 | D:6      | Noticed Eustachio
  4192 | D:6      | Killed Eustachio
  4192 | D:6      | Reached **** piety under Trog
  4222 | D:6      | Reached skill level 10 in Axes
  4686 | D:6      | Noticed Maggie
  4686 | D:6      | Noticed a two-headed ogre
  4761 | D:6      | Killed Maggie
  4762 | D:6      | Reached XP level 9. HP: 81/81 MP: 8/8
  4766 | D:6      | Killed a two-headed ogre
  4767 | D:6      | Reached skill level 11 in Axes
  4995 | D:6      | Found a hazy altar of Hepliaklqana.
  6357 | D:8      | Reached skill level 12 in Axes
  6439 | D:8      | Reached XP level 10. HP: 91/91 MP: 9/9
  7219 | D:9      | Noticed Joseph
  7422 | D:9      | Reached skill level 13 in Axes
  7434 | D:9      | Noticed Gastronok
  7440 | D:9      | Reached skill level 10 in Fighting
  7453 | D:9      | Killed Gastronok
  7500 | D:9      | Found a blossoming altar of Fedhas.
  7569 | D:9      | Killed Joseph
  7570 | D:9      | Reached skill level 14 in Axes
  7570 | D:9      | Reached skill level 10 in Armour
  7895 | D:10     | Entered Level 10 of the Dungeon
  8013 | D:10     | Found a staircase to the Orcish Mines.
  8038 | D:10     | Reached XP level 11. HP: 101/101 MP: 10/10
  8601 | D:10     | Found a staircase to the Lair.
  8711 | Lair:1   | Entered Level 1 of the Lair of Beasts
  8879 | Lair:1   | Identified the +8 hand axe of Triumph {venom, rElec Dex+3}
  9053 | Lair:1   | Reached skill level 15 in Axes
  9270 | Lair:1   | Identified the +9 war axe of Brawling {freeze, rPois Will+
                  | Stlth+}
  9465 | Lair:1   | Noticed an eight-headed hydra
  9470 | Lair:1   | Killed an eight-headed hydra
  9810 | Lair:2   | Reached skill level 16 in Axes
 10223 | Lair:2   | Reached skill level 17 in Axes
 10265 | Lair:2   | Noticed a seven-headed hydra
 10277 | Lair:2   | Killed a seven-headed hydra
 10422 | Lair:3   | Reached XP level 12. HP: 108/108 MP: 11/11
 10442 | Lair:3   | Reached skill level 18 in Axes
 10463 | Lair:3   | Noticed a five-headed hydra
 10475 | Lair:3   | Killed a five-headed hydra
 10848 | Lair:3   | Reached skill level 19 in Axes
 11116 | Lair:3   | Found a staircase to the Snake Pit.
 11290 | Lair:3   | Found a transporter.
 11335 | Lair:3   | Found a transporter.
 11548 | Lair:3   | Slain by a swamp worm

Illustrated notes

Levels and vault maps discovered:
D:1:      minmay_arrival_hallway, layout_loops_corners,
          shapermc_ecumenical_altar_totnotflames
D:2:      layout_basic, corexii_item_surrounded_by_moat,
          kennysheep_small_spiral, minmay_tall_x
D:3:      layout_rooms, mainiacjoe_overflow_alcove_2
D:4:      layout_cave_pools, minmay_temple_entry_from_below_a, serial_shops,
          nicolae_diamond_shop
D:5:      layout_basic, okawaru_altar_gauntlet_db, minivault_19,
          kennysheep_generic_room_4, uniq_ijyb
D:6:      layout_loops_corners, worldfamousw_hep_ancestral_shrine,
          minmay_misc_feat_doors, uniq_eustachio, uniq_maggie
D:7:      layout_layer_cave
D:8:      kennysheep_spiral_hall, layout_loops_corners
D:9:      layout_rooms, lemuel_doored_altar, uniq_gastronok, uniq_joseph
D:10:     layout_loops_ring, grunt_lair_entry_orc_guard_hut,
          chequers_serial_rivers_room_a
Lair:1:   beast_lair_carwin_large_2, layout_regular_city
Lair:2:   nzn_winding_woodlands_medium [nzn_winding_woodlands_5x5_cross,
          nzn_winding_woodlands_5x15_twine,
          nzn_winding_woodlands_5x5_checkerboard,
          nzn_winding_woodlands_5x5_three,
          nzn_winding_woodlands_center_diamonds,
          nzn_winding_woodlands_5x5_default,
          nzn_winding_woodlands_5x5_closed_star,
          nzn_winding_woodlands_5x15_pockets,
          nzn_winding_woodlands_5x5_open_star], layout_hall_layers
Lair:3:   gammafunk_worm_tunnel, layout_regular_city,
          guppyfry_snake_entry_garden, forest_entry_grove, lemuel_fruit_fields

Skill      XL: |  1  2  3  4  5  6  7  8  9 10 11 12 |
---------------+-------------------------------------+-----
Axes           | 4 5 6 7 9 10 12 14 17 19 | 19.5
Fighting       | 4 5 6 8 9 10 | 10.6
Armour         | 3 4 5 7 8 10 | 10.0
Dodging        | |  2.1

Action                   |  1- 3 |  4- 6 |  7- 9 | 10-12 || total
-------------------------+-------+-------+-------+-------++-------
Melee: Hand axe          |    81 |    69 |       |    14 ||   164
       Headbutt          |    12 |    15 |    38 |    74 ||   139
       Broad axe         |       |    24 |   215 |   148 ||   387
       War axe           |       |       |       |   188 ||   188
       Dire flail        |       |       |       |    17 ||    17
Invok: Berserk           |     1 |     1 |     3 |     4 ||     9
       Trog's Hand       |       |     1 |     4 |     6 ||    11
  Use: Scroll            |       |       |     2 |     9 ||    11
       Potion            |       |       |       |     5 ||     5
 Stab: Sleeping          |     1 |       |       |       ||     1
Armor: Animal skin       |    11 |       |       |       ||    11
       Plate armour      |       |    55 |   121 |   152 ||   328
Dodge: Dodged            |    48 |    31 |    77 |   105 ||   261
Block: Other             |       |       |    56 |    74 ||   130
       Reflection        |       |       |       |     2 ||     2

Table legend: (Time is in decaauts)
 A = Elapsed time spent in this place.
 B = Non-inter-level travel time spent in this place.
 C = Inter-level travel time spent in this place.
 D = Time resting spent in this place.
 E = Time spent auto-exploring this place.
 F = Levels seen in this place.
 G = Mean time per level.
                   A        B        C        D        E       F      G
               +--------+--------+--------+--------+--------+-----+--------+
         Total |  11605 |  11200 |    405 |   1468 |   7282 |  13 |  892.7 |
       Dungeon |   8840 |   8493 |    347 |    934 |   5707 |  10 |  884.0 |
          Lair |   2765 |   2707 |     58 |    534 |   1574 |   3 |  921.7 |
               +--------+--------+--------+--------+--------+-----+--------+

Top non-repeatable levels by time:
     D:7: 1356 daAuts
     D:6: 1305 daAuts
     D:8: 1297 daAuts
     D:1: 987 daAuts
  Lair:1: 985 daAuts
  Lair:3: 938 daAuts
     D:5: 880 daAuts
  Lair:2: 840 daAuts
    D:10: 814 daAuts
     D:3: 580 daAuts
     D:4: 562 daAuts
     D:2: 529 daAuts
     D:9: 526 daAuts
